 Dungeon Crawl Stone Soup version 0.22-a0-322-g60b3cfd (webtiles) character file.

48 Kairos the Shield-Bearer (level 4, 35/35 HPs)
             Began as a Human Fighter on Apr 3, 2018.
             Got out of the dungeon alive.
             The game lasted 00:02:13 (1011 turns).

Kairos the Shield-Bearer (Human Fighter)            Turns: 1011, Time: 00:02:13

Health: 35/35      AC:  9    Str: 16    XL:     4   Next: 0%
Magic:  4/4        EV:  6    Int:  8    God:
Gold:   118        SH:  9    Dex: 14    Spells: 3/3 levels left

rFire    + . .     SeeInvis .   a - +1 war axe
rCold    x . .     Gourm    .   c - +0 shield
rNeg     . . .     Faith    .   s - +0 scale mail (curse)
rPois    .         Spirit   .   r - +0 helmet (curse)
rElec    .         Reflect  .   (no cloak)
rCorr    .         Harm     .   q - +0 pair of gloves
MR       +....                  (no boots)
Stlth    ..........             (no amulet)
HPRegen  0.11/turn              j - ring of protection from magic
MPRegen  0.09/turn              p - ring of fire

@: no status effects
A: no striking features
a: no special abilities


You escaped.
You were hungry.

You visited 1 branch of the dungeon, and saw 2 of its levels.

You collected 118 gold pieces.

Inventory:

Hand Weapons
 a - a +1 war axe (weapon)
Armour
 b - a +0 scale mail
 c - a +0 shield (worn)
 q - a +0 pair of gloves (worn)
 r - a cursed +0 helmet (worn)
 s - a cursed +0 scale mail (worn)
Jewellery
 j - a ring of protection from magic (left hand)
 p - a ring of fire (right hand)
Scrolls
 h - a scroll of fear {unknown}
 i - a scroll of random uselessness
 l - 3 scrolls of amnesia
 m - a scroll of remove curse {unknown}
 n - a scroll of identify
Potions
 d - a potion of might
 e - a potion of resistance {unknown}
 g - 4 potions of curing {unknown}
 k - 2 potions of haste
 o - 2 potions of mutation {unknown}
Comestibles
 f - 4 rations


   Skills:
 + Level 3.2 Fighting
 + Level 3.1 Axes
 + Level 3.2 Armour
 + Level 3.3 Shields


You had 3 spell levels left.
You didn't know any spells.

Dungeon Overview and Level Annotations

Branches:
Dungeon (2/15)

Altars:
Ashenzari


Message History

You slash the kobold!
You kill the kobold!
You have reached level 4!
You feel agile.
You see here a shiny scale mail.
s - a shiny scale mail You start removing your armour.
You continue taking off your +0 scale mail. x4
You finish taking off your +0 scale mail.
You start putting on your armour.
You continue putting on your shiny scale mail. x5
You finish putting on your cursed +0 scale mail.
Oops, that feels deathly cold.
You are feeling hungry.
You can't go up here!
There is an escape hatch in the ceiling here.
A mysterious force pulls you upwards. The hatch slams shut behind you.
There is a staircase leading out of the dungeon here.
Are you sure you want to leave the Dungeon?
This will make you lose the game!
You have escaped!

......#
#.........#......#
#############
####'######......#
###.........#### #.#
#......#
...............###.#
####......#
.....⌠...⌠...(..##.#
#........)#
..⌠.........⌠...##.#
#....######
.......≈.........#.#
#....#
.⌠...........⌠...#.#
#....#
....≈.....≈.....@#.#
#....#
.⌠...........⌠...#.#
#....#
.......≈.........#.#
#....#
..⌠.........⌠...##.#
#....#
.....⌠...⌠......#.)#
#....#
...............##.##
######
###.........####.†####
..###########........#
#.......# #...##.....#


There were no monsters in sight!

Vanquished Creatures
  An ooze (D:1)
  3 leopard geckos
  2 ball pythons
  3 bats
  4 goblins
  5 hobgoblins (D:1)
  5 jackals (D:1)
  3 kobolds
  4 frilled lizards
  10 rats
40 creatures vanquished.

Notes
Turn   | Place    | Note
-------+----------+-------------------------------------------
     0 | D:1      | Kairos the Human Fighter began the quest for the Orb.
     0 | D:1      | Reached XP level 1. HP: 18/18 MP: 1/1
    86 | D:1      | Reached XP level 2. HP: 14/24 MP: 2/2
   273 | D:1      | Reached XP level 3. HP: 29/29 MP: 3/3
   701 | D:2      | Found a shattered altar of Ashenzari.
   970 | D:2      | Reached XP level 4. HP: 35/35 MP: 4/4
  1011 | D:$      | Got out of the dungeon alive.

Vault maps used:
D:1:      dpeg_arrival_stone_temple_mockup
D:2:      evilmike_ruin_ashenzari

Skill      XL: |  1  2  3 |
---------------+----------+-----
Axes           | 3 |  3.1
Fighting       | |  3.2
Armour         | |  3.2
Shields        | |  3.3

Action                   |  1- 3 |  4- 6 || total
-------------------------+-------+-------++-------
Melee: War axe           |    95 |       ||    95
  Use: Scroll            |     5 |       ||     5
Armor: Scale mail        |    45 |       ||    45
Dodge: Dodged            |    28 |       ||    28
Block: Shield            |    53 |       ||    53

Table legend:
 A = Spawn XP
 B = Non-spawn XP
 C = Spawn XP percentage of total XP
 D = Spawn monster count
 E = Non-spawn monster count
 F = Spawn count percentage of total count
 G = Total turns spent on level
                    A         B        C        D         E        F      G
               +---------+---------+-------+---------+---------+-------+---------
         Total |       0 |      69 |   0.0 |       0 |      40 |   0.0 |  1011
               +---------+---------+-------+---------+---------+-------+---------
           D:1 |       0 |      53 |   0.0 |       0 |      30 |   0.0 |   694
           D:2 |       0 |      16 |   0.0 |       0 |      10 |   0.0 |   317
               +---------+---------+-------+---------+---------+-------+---------
